[Event "SM-gruppen"]
[Site "Växjö"]
[Date "2008.07.10"]
[Round "12"]
[White "Smith, Axel "]
[Black "Hedman, Erik "]
[Result "1/2-1/2"]
[WhiteElo "2428"]
[BlackElo "2363"]
[PlyCount "66"]
[TimeControl "40/7200:20/3600:1800"]

1. e4 c5 2. Nf3 d6 3. d4 cxd4 4. Nxd4 Nf6 5. Nc3 a6 6. Be3 Ng4 7. Bg5 h6 8. Bh4
g5 9. Bg3 Bg7 10. h3 Nf6 11. Qf3 Nc6 12. Nxc6 bxc6 13. e5 Nd5 14. Nxd5 cxd5 15.
Qxd5 Be6 16. Qe4 Qa5+ 17. b4 Bd5 18. Qd4 dxe5 19. Bxe5 Bxe5 20. Qxe5 Qxb4+ 21.
c3 Qe4+ 22. Qxe4 Bxe4 23. f3 Bf5 24. O-O-O O-O 25. Bd3 Be6 26. Kb2 Rfc8 27. Bc2
Rab8+ 28. Bb3 Rc6 29. Rd4 Kg7 30. Rb4 Rd8 31. Rd4 Rb8 32. Rb4 Rd8 33. Rd4 Rb8
1/2-1/2

[Event "SM-gruppen"]
[Site "Växjö"]
[Date "2008.07.10"]
[Round "12"]
[White "Hector , Jonny "]
[Black "Nithander , Victor"]
[Result "1-0"]
[WhiteElo "2532"]
[BlackElo "2319"]
[PlyCount "69"]
[TimeControl "40/7200:20/3600:1800"]

1. e4 c5 2. Nf3 Nc6 3. Nc3 e5 4. Bc4 d6 5. d3 Be7 6. Nd2 Bg5 7. h4 Bh6 8. Qh5
g6 9. Qd1 Nf6 10. Nf1 Bxc1 11. Qxc1 Nd4 12. Nd5 Nxd5 13. Bxd5 h5 14. Ne3 Ne6
15. Qd2 Qb6 16. O-O-O Bd7 17. Nc4 Qa6 18. Bxb7 Qxa2 19. Qc3 Rb8 20. Kd2 Qa4 21.
Ra1 Qb4 22. Rxa7 Ke7 23. Bc6 Rhd8 24. Rha1 Nd4 25. Qxb4 cxb4 26. R1a6 Nxc6 27.
Rxc6 Ra8 28. Rxa8 Rxa8 29. Rb6 Rg8 30. Rxb4 g5 31. hxg5 h4 32. Rb7 Ke6 33. Nb6
Bc6 34. Rc7 Rxg5 35. Rxc6 1-0

[Event "SM-gruppen"]
[Site "Växjö"]
[Date "2008.07.10"]
[Round "12"]
[White "Åkesson, Ralf"]
[Black "Carlsson, Pontus"]
[Result "1/2-1/2"]
[WhiteElo "2466"]
[BlackElo "2513"]
[PlyCount "44"]
[TimeControl "40/7200:20/3600:1800"]

1. d4 Nf6 2. c4 e6 3. Nf3 b6 4. g3 Ba6 5. b3 Bb4+ 6. Bd2 Be7 7. Bg2 c6 8. Bc3
d5 9. Ne5 Nfd7 10. Nxd7 Nxd7 11. Nd2 O-O 12. O-O Rb8 13. e4 b5 14. Re1 dxc4 15.
bxc4 bxc4 16. Qc2 Re8 17. Rad1 Qc8 18. Bf1 Nb6 19. a4 c5 20. a5 cxd4 21. Bxd4
Nd7 22. Bxa7 Rb5 1/2-1/2

[Event "SM-gruppen"]
[Site "Växjö"]
[Date "2008.07.11"]
[Round "13"]
[White "Carlsson, Pontus"]
[Black "Hector, Jonny"]
[Result "1/2-1/2"]
[WhiteElo "2513"]
[BlackElo "2532"]
[PlyCount "76"]
[TimeControl "40/7200:20/3600:1800"]

1. e4 e5 2. Nf3 Nc6 3. Bc4 Nf6 4. d3 Bc5 5. c3 a6 6. O-O Ba7 7. Bb3 d6 8. Be3
O-O 9. Nbd2 h6 10. h3 Be6 11. Bxe6 fxe6 12. Qb3 Qd7 13. Bxa7 Rxa7 14. d4 b5 15.
dxe5 Nxe5 16. Nxe5 dxe5 17. Nf3 Nxe4 18. Rad1 Qe8 19. Nxe5 Ra8 20. Rfe1 Nd6 21.
Rd2 a5 22. Rde2 Nb7 23. Nd3 a4 24. Qxe6+ Qxe6 25. Rxe6 Rad8 26. Nb4 Na5 27.
R1e2 Rd1+ 28. Re1 Rfd8 29. Re8+ Kh7 30. Rxd8 Rxe1+ 31. Kh2 Re2 32. Ra8 Nc4 33.
b3 Nb6 34. Ra5 c5 35. Rxb5 cxb4 36. Rxb6 bxc3 37. bxa4 Rxf2 38. Rc6 Rxa2
1/2-1/2

[Event "SM-gruppen"]
[Site "Växjö"]
[Date "2008.07.11"]
[Round "13"]
[White "Karlsson, Lars "]
[Black "Tikkanen, Hans"]
[Result "1-0"]
[WhiteElo "2475"]
[BlackElo "2437"]
[PlyCount "75"]
[TimeControl "40/7200:20/3600:1800"]

1. f4 d5 2. Nf3 e6 3. e3 Bd6 4. b3 Nd7 5. Bb2 Ngf6 6. Be2 c6 7. O-O Qc7 8. c4
O-O 9. Qe1 b6 10. Nc3 e5 11. cxd5 exf4 12. Rc1 c5 13. e4 Qb8 14. Bb5 Ne5 15.
Bc6 Nd3 16. Qe2 Nxc1 17. Rxc1 Bb7 18. e5 Bxc6 19. dxc6 Re8 20. Nb5 Bc7 21. Qd3
Ng4 22. Ng5 Bxe5 23. Qxh7+ Kf8 24. c7 Qb7 25. Nd6 Bxb2 26. Nxb7 Bxc1 27. Qh8+
Ke7 28. Qxg7 Rf8 29. Nd8 Bxd2 30. Nge6 Be3+ 31. Kf1 Nxh2+ 32. Ke2 Rh8 33. Qxh8
fxe6 34. Nc6+ Kd7 35. Qxa8 Kxc7 36. Ne5 Bd4 37. Qc6+ Kb8 38. Nd7# 1-0

[Event "SM-gruppen"]
[Site "Växjö"]
[Date "2008.07.11"]
[Round "13"]
[White "Hedman, Erik"]
[Black "Åkesson, Ralf"]
[Result "1/2-1/2"]
[WhiteElo "2363"]
[BlackElo "2466"]
[PlyCount "26"]
[TimeControl "40/7200:20/3600:1800"]

1. e4 c6 2. d4 d5 3. e5 Bf5 4. Nf3 e6 5. Be2 Nd7 6. O-O Bg6 7. c3 Be7 8. Nbd2
Nh6 9. Ne1 c5 10. Nd3 Rc8 11. Nf4 cxd4 12. Nxg6 hxg6 13. cxd4 Nf5 1/2-1/2

[Event "SM-gruppen"]
[Site "Växjö"]
[Date "2008.07.11"]
[Round "13"]
[White "Berg, Emanuel "]
[Black "Lindberg, Bengt "]
[Result "1-0"]
[WhiteElo "2601"]
[BlackElo "2442"]
[PlyCount "115"]
[TimeControl "40/7200:20/3600:1800"]

1. e4 c5 2. Nc3 Nc6 3. Bb5 Nd4 4. Bc4 a6 5. Nge2 b5 6. Bd5 Rb8 7. Nxd4 cxd4 8.
Ne2 Nf6 9. Bb3 Nxe4 10. Nxd4 e6 11. c3 Bb7 12. O-O d5 13. d3 Nc5 14. Bc2 Bd6
15. b4 Nd7 16. a4 bxa4 17. Qg4 Qc7 18. Bxa4 O-O 19. Bxd7 Qxd7 20. f4 Rbe8 21.
Be3 g6 22. Nb3 f6 23. Bc5 Bc8 24. d4 Rf7 25. Bxd6 Qxd6 26. Qg3 Rfe7 27. Nc5 e5
28. fxe5 fxe5 29. Rae1 a5 30. bxa5 Qc6 31. Re3 Qb5 32. Rfe1 Qxa5 33. h4 e4 34.
Qg5 Qd8 35. c4 Bf5 36. g4 h6 37. Qf4 Bc8 38. cxd5 Rf7 39. Qxh6 Bxg4 40. Nxe4
Ref8 41. Qg5 Bf5 42. Qxd8 Rxd8 43. Ng5 Rfd7 44. Re8+ Rxe8 45. Rxe8+ Kg7 46. Re5
Kf6 47. Kf2 Ra7 48. Ke3 Rd7 49. Kf4 Rd8 50. h5 Rh8 51. d6 Rxh5 52. Ne4+ Kf7 53.
Re7+ Kf8 54. Nf6 Rh1 55. Nh7+ Kg8 56. d7 Bxd7 57. Nf6+ Kf8 58. Rxd7 1-0

[Event "SM-gruppen"]
[Site "Växjö"]
[Date "2008.07.11"]
[Round "13"]
[White "Agrest, Evgenij"]
[Black "Smith, Axel "]
[Result "1/2-1/2"]
[WhiteElo "2567"]
[BlackElo "2428"]
[PlyCount "83"]
[TimeControl "40/7200:20/3600:1800"]

1. c4 c6 2. Nf3 d5 3. d4 Nf6 4. Nc3 e6 5. Qb3 dxc4 6. Qxc4 b5 7. Qd3 Be7 8. Bg5
O-O 9. g3 Nbd7 10. Bg2 Bb7 11. O-O h6 12. Bxf6 Bxf6 13. Ne4 Be7 14. Qc2 Qc7 15.
Rac1 Rac8 16. Qb1 a5 17. Nfd2 c5 18. Nxc5 Nxc5 19. Bxb7 Qxb7 20. dxc5 Rxc5 21.
Rxc5 Bxc5 22. Nf3 Rc8 23. Rc1 Be7 24. Rxc8+ Qxc8 25. b3 Qc3 26. Kg2 Qc6 27. Qd3
a4 28. e4 axb3 29. axb3 b4 30. Nd4 Qb7 31. h4 h5 32. Kf1 g6 33. Ke2 Bc5 34. Nc2
Qb6 35. Ne3 Qa7 36. Nd1 Qa2+ 37. Kf3 Qa1 38. Qc2 Bd4 39. Ke2 Qa6+ 40. Kf3 Qa1
41. Ke2 Qa6+ 42. Kf3 1/2-1/2

[Event "SM-gruppen"]
[Site "Växjö"]
[Date "2008.07.11"]
[Round "13"]
[White "Grandelius, Nils"]
[Black "Hillarp-Persson, Tiger"]
[Result "1/2-1/2"]
[WhiteElo "2388"]
[BlackElo "2491"]
[PlyCount "26"]
[TimeControl "40/7200:20/3600:1800"]

1. e4 c5 2. Nf3 e6 3. d4 cxd4 4. Nxd4 a6 5. Bd3 Bc5 6. Nb3 Be7 7. Qg4 g6 8. Qe2
d6 9. O-O Nd7 10. Na3 Ngf6 11. Bh6 b6 12. Nc4 Bb7 13. Rfd1 Qc7 1/2-1/2

[Event "SM-gruppen"]
[Site "Växjö"]
[Date "2008.07.11"]
[Round "13"]
[White "Nithander , Victor "]
[Black "Brynell, Stellan"]
[Result "1/2-1/2"]
[WhiteElo "2319"]
[BlackElo "2461"]
[PlyCount "29"]
[TimeControl "40/7200:20/3600:1800"]

1. e4 e6 2. d4 d5 3. Nd2 c5 4. Ngf3 a6 5. dxc5 Bxc5 6. Bd3 Nc6 7. exd5 exd5 8.
O-O Nge7 9. Nb3 Bb6 10. Re1 O-O 11. Be3 h6 12. Bxb6 Qxb6 13. h3 a5 14. a4 Rd8
15. c3 1/2-1/2